Map: [ESL] Babylon

Players

Scarlett - Winner!

  • Race: Zerg Zerg
  • Spawn Location: 5:00

Kelazhur

  • Race: Terran Terran
  • Spawn Location: 11:00

Event: ESL SC2 Masters 2023 Summer (Regionals)

VOD

Have the link to the VOD?

Description

Time

  • Played on: May 20, 2023, 3:41 p.m.
  • Length: 7:25

All games in this series

Show
View Real Time Build Order
Export as new Build Order

Scarlett Zerg - Winner!

Build Orders: Hatch First 

Get SALT Encoding   

  12  0:00  Drone  
  13  0:12  Overlord  
  13  0:18  Drone  
  14  0:31  Drone x2  
  16  0:47  Hatchery  
  15  0:51  Drone  
  15  0:54  Drone  
  17  0:58  Drone  
  18  1:09  Extractor  
  17  1:13  Spawning Pool  
  17  1:16  Drone  
  17  1:20  Drone  
  18  1:29  Drone  
  19  1:38  Drone  
  20  1:50  Drone  
  21  1:59  Queen x2  
  21  2:00  Zergling x4  
  27  2:10  Zergling x2  
  27  2:12  Overlord  
  28  2:21  Hatchery  
  27  2:28  Drone  
  28  2:37  Drone x3  
  28  2:39  Metabolic Boost  
  30  2:46  Queen  
  32  2:55  Overlord  
  32  2:58  Drone x3  
  35  3:08  Overlord  
  35  3:15  Drone x5  
  40  3:31  Drone x2  
  41  3:37  Queen x2  
  41  3:38  Queen  
  41  3:39  Drone  
  48  3:43  Zergling x4  
  48  3:45  Zergling x4  
  52  3:51  Overlord, Zergling x4  
  54  3:59  Drone x3  
  54  4:01  Overlord  
  56  4:10  Overlord  
  56  4:11  Drone x3  
  56  4:13  Drone x3  
  62  4:19  Lair  
  62  4:27  Roach Warren  
  62  4:28  Drone x4  
  65  4:38  Queen  
  67  4:39  Extractor, Drone x3  
  67  4:40  Extractor  
  68  4:46  Drone x5  
  68  4:52  Drone x4  
  77  4:55  Drone x3  
  77  4:56  Extractor  
  79  5:03  Zergling x6  
  79  5:06  Pneumatized Carapace  
  75  5:14  Spore Crawler  
  75  5:16  Spore Crawler  
  75  5:17  Spore Crawler, Overseer, Glial Reconstitution  
  75  5:18  Zergling x2  
  75  5:19  Zergling x4  
  71  5:29  Drone x3  
  71  5:35  Roach x4  
  82  5:45  Overlord x5  
  82  6:04  Roach x9  
  82  6:09  Queen x3  
  106  6:16  Roach x3  
  112  6:24  Roach x5  
  120  6:51  Overlord x3  
  120  6:57  Extractor  
  120  6:58  Evolution Chamber  
  118  7:04  Roach x2  
  118  7:05  Hatchery  
Show
View Real Time Build Order
Export as new Build Order

Kelazhur Terran 

Build Orders: Reaper Expand, Hellion Banshee, Mech 

Get SALT Encoding   

  12  0:00  SCV  
  13  0:12  SCV  
  14  0:17  Supply Depot  
  14  0:24  SCV  
  15  0:38  SCV  
  15  0:39  Barracks  
  16  0:43  Refinery  
  16  0:50  SCV  
  17  1:02  SCV  
  18  1:15  SCV  
  19  1:27  Orbital Command, Reaper  
  20  1:40  Command Center  
  20  1:49  Supply Depot  
  20  1:52  SCV  
  21  1:58  Marine  
  22  2:03  Factory  
  22  2:07  SCV  
  23  2:19  SCV  
  23  2:21  Barracks Reactor  
  24  2:31  SCV  
  25  2:40  Command Center  
  25  2:43  SCV  
  26  2:51  Orbital Command  
  26  2:55  SCV  
  27  2:59  Starport  
  27  3:08  SCV  
  27  3:11  Hellion  
  30  3:13  Refinery  
  30  3:14  Hellion  
  30  3:18  SCV  
  33  3:20  Barracks Tech Lab  
  33  3:24  SCV  
  33  3:30  SCV  
  33  3:36  SCV  
  33  3:39  Hellion  
  36  3:42  SCV  
  36  3:45  Banshee  
  40  3:48  SCV  
  40  3:51  Hellion  
  40  3:54  SCV  
  44  3:57  Orbital Command  
  44  4:00  SCV  
  44  4:01  Cloaking Field  
  45  4:06  SCV  
  46  4:11  Hellion  
  46  4:13  SCV  
  49  4:18  SCV, Supply Depot  
  49  4:20  Hellion  
  49  4:24  SCV  
  53  4:25  SCV  
  53  4:31  Banshee  
  57  4:33  SCV, Hellion  
  57  4:36  SCV  
  61  4:40  SCV  
  61  4:42  Refinery  
  61  4:43  Refinery  
  61  4:45  SCV  
  63  4:48  SCV  
  63  4:50  Hellion  
  63  4:52  SCV  
  67  4:57  SCV, Supply Depot  
  68  5:00  SCV  
  68  5:04  SCV  
  66  5:09  SCV  
  66  5:11  Hellion  
  69  5:20  SCV, Banshee, Hellion  
  76  5:21  SCV  
  76  5:22  Orbital Command  
  76  5:28  Supply Depot  
  76  5:31  Supply Depot x2  
  76  5:32  SCV  
  77  5:37  Factory x2  
  80  5:50  SCV x3  
  80  5:53  Supply Depot  
  80  5:57  Hellion  
  80  5:58  Hellion  
  80  6:02  SCV x3  
  80  6:03  Armory x2  
  87  6:06  Supply Depot  
  87  6:11  Banshee  
  90  6:14  SCV x3  
  93  6:21  Factory Tech Lab x2  
  93  6:26  SCV x3, Hellion x2  
  100  6:38  SCV x2  
  97  6:42  Siege Tank x2  
  97  6:44  SCV  
  100  6:50  SCV x2  
  102  6:56  SCV  
  86  7:09  SCV x2  
  86  7:11  SCV  
Tags
 
Add a new tag
Caveats
  • Supply blocks, unpowered buildings, or Contaminate may cause inaccurate times.
  • Supply counts are checked every 10 seconds.